 Dungeon Crawl Stone Soup version 0.30-a0-912-ge10d75a369 (webtiles) character file.

Game seed: 4567659618289702141

4 Bnni the Digger (level 1, -1/14 HPs)
             Began as a Formicid Earth Elementalist on Mar 19, 2023.
             Killed from afar by a dart slug (3 damage)
             ... with a slug dart
             ... on level 1 of the Dungeon.
             The game lasted 00:00:32 (135 turns).

Bnni the Digger (Formicid Earth Elementalist)        Turns: 135, Time: 00:00:32

Health: -1/14      AC:  2    Str: 12    XL:     1   Next: 77%
Magic:  0/3        EV: 12    Int: 14    God:
Gold:   11         SH:  0    Dex: 14    Spells: 3/4 levels left

rFire   . . .      SeeInvis +    c - +0 quarterstaff
rCold   . . .      Faith    .    (no shield)
rNeg    . . .      Spirit   .    a - +0 robe
rPois   .          Reflect  .    (helmet unavailable)
rElec   .          Rampage  .    (no cloak)
rCorr   .                        (no gloves)
Will    .....                    (no boots)
Stlth   ++                       (no amulet)
HPRegen 0.22/turn                (no ring)
MPRegen 0.08/turn                (no ring)

@: no status effects
A: permanent stasis, dig shafts and tunnels, antennae 3, four strong arms
a: Dig, Shaft Self


You were on level 1 of the Dungeon.
You visited 1 branch of the dungeon, and saw 1 of its levels.

You collected 11 gold pieces.

Inventory:

Hand Weapons
 c - a +0 quarterstaff (weapon)
Armour
 a - a +0 robe (worn)
Potions
 b - a potion of magic


   Skills:
 + Level 0.4 Fighting
 - Level 1.7 Dodging
 - Level 2.4 Stealth
 + Level 2.3 Spellcasting
 - Level 1.1 Transmutations
 * Level 3.8 Earth Magic


You had 3 spell levels left.
You knew the following spells:

 Your Spells              Type           Power      Damage    Failure   Level
a - Sandblast             Erth           24%        2d8       4%          1

Your spell library contained the following spells:

 Spells                   Type           Power      Damage    Failure   Level
 Passwall                 Tmut/Erth      6%         N/A       13%         2
 Magic Dart               Conj           4%         1d3       24%         1
 Stone Arrow              Conj/Erth      14%        3d7       30%         3
 Call Imp                 Summ           1%         N/A       34%         2
 Mephitic Cloud           Conj/Pois/Air  1%         N/A       56%         3
 Petrify                  Tmut/Erth      8%         N/A       63%         4


Dungeon Overview and Level Annotations

Branches:
Dungeon (1/15)

Altars:


Innate Abilities, Weirdness & Mutations

You cannot be hasted, slowed, berserked, paralysed or teleported.
You can dig through walls and to a lower floor.
You have a pair of large antennae on your head. (SInv)
Your four strong arms can wield two-handed weapons with a shield.


Message History

No reachable target in view!
An endoplasm is nearby!
No reachable target in view!
Aiming: Sandblast (safe; 4% risk of failure)
Press: ? - help, Q - select action, (/) - cycle Shift-Dir - straight line, f - endoplasm
Aim: an endoplasm (asleep, 100% to hit)
The blast of sand hits the endoplasm!
You kill the endoplasm!
Unknown command.
You start resting.
Magic restored.
A quokka comes into view.
Found 8 gold pieces.
A dart slug and a frilled lizard come into view.
Found 2 scrolls labelled GUAMOS URUTHES.
Found 15 gold pieces.
Aiming: Sandblast (safe; 4% risk of failure)
Press: ? - help, Q - select action, (/) - cycle Shift-Dir - straight line, f - quokka
Aim: a quokka (75% to hit)
The blast of sand hits the quokka.
The quokka is severely wounded.
The quokka barely misses you.
Aiming: Sandblast (safe; 4% risk of failure)
Press: ? - help, Q - select action, (/) - cycle Shift-Dir - straight line, f/p - quokka
Aim: a quokka (severely wounded, 75% to hit)
The blast of sand hits the quokka but does no damage.
The quokka is severely wounded.
The quokka bites you. x2
The dart slug launches a dart at you. The slug dart hits you.
* * * LOW HITPOINT WARNING * * *
Aiming: Sandblast (safe; 4% risk of failure)
Press: ? - help, Q - select action, (/) - cycle Shift-Dir - straight line, f/p - quokka
Aim: a quokka (severely wounded, 75% to hit)
The blast of sand hits the quokka.
You kill the quokka!
The frilled lizard hisses angrily.
The dart slug launches a dart at you. The slug dart hits you.
You die...

#..................
#..........)...<...
#.................^
................... .
#.......#####.....# ...
#...#.#.#...#.....#
$...######.#.#.8.#.....#
.............#...#.....#
......†@##.#######.....#
........##.######.......
..l.....##.# #.######
...$...w##.# #.#
.......?##.# #.#
........##.# #.#
...#######.# #.##### ...
#.# #.#...# #.#.#.#


You could see a dart slug and a frilled lizard.

Vanquished Creatures
  A dart slug (D:1)
  An endoplasm (D:1)
  A quokka (D:1)
  A rat (D:1)
4 creatures vanquished.

Notes
Turn   | Place    | Note
-------+----------+-------------------------------------------
     0 | D:1      | Bnni the Formicid Earth Elementalist began the quest for
                  | the Orb.
     0 | D:1      | Reached XP level 1. HP: 13/13 MP: 3/3
   135 | D:1      | Killed from afar by a dart slug

Illustrated notes

Levels and vault maps discovered:
D:1:      minmay_arrival_glassed_features, layout_basic

Action                     || total
---------------------------++-------
  Melee: Quarterstaff      ||     3
   Cast: Sandblast         ||     5
   Stab: Sleeping          ||     1
  Dodge: Dodged            ||     1

Table legend: (Time is in decaauts)
 A = Elapsed time spent in this place.
 B = Non-inter-level travel time spent in this place.
 C = Inter-level travel time spent in this place.
 D = Time resting spent in this place.
 E = Time spent auto-exploring this place.
 F = Levels seen in this place.
 G = Mean time per level.
                   A        B        C        D        E       F      G
               +--------+--------+--------+--------+--------+-----+--------+
         Total |    137 |    137 |      0 |      9 |     89 |   1 |  137.0 |
       Dungeon |    137 |    137 |      0 |      9 |     89 |   1 |  137.0 |
               +--------+--------+--------+--------+--------+-----+--------+

Top non-repeatable levels by time:
     D:1: 137 daAuts
